 Dungeon Crawl Stone Soup version 0.21.1-1-g345015f (webtiles) character file.

518 vatarom the Caller (level 7, 0/56 HPs)
             Began as a Merfolk Summoner on Apr 11, 2018.
             Was an Initiate of Ashenzari.
             Succumbed to a worker ant's poison
             ... on level 5 of the Dungeon.
             The game lasted 00:12:20 (5237 turns).

vatarom the Caller (Merfolk Summoner)               Turns: 5237, Time: 00:12:21

Health: 0/56       AC:  5    Str: 15    XL:     7   Next: 21%
Magic:  1/12       EV: 13    Int: 15    God:    Ashenzari [......]
Gold:   237        SH:  0    Dex: 14    Spells: 3/13 levels left

rFire    . . .     SeeInvis .   h - +0 dagger
rCold    . . .     Gourm    .   (no shield)
rNeg     + . .     Faith    .   a - +0 robe
rPois    .         Spirit   .   u - +0 helmet
rElec    .         Reflect  .   d - +0 cloak
rCorr    .         Harm     .   e - +0 pair of gloves
MR       .....                  (no boots)
Stlth    ++........             q - amulet of regeneration
HPRegen  0.58/turn              k - ring of positive energy
MPRegen  0.13/turn              (no ring)

@: mighty, lethally poisoned (0 -> -1), about to teleport
A: change form in water, swift swim, stealthy swim
a: Curse Item, Renounce Religion


You were on level 5 of the Dungeon.
You worshipped Ashenzari.
Ashenzari was noncommittal.
You were full.

You visited 1 branch of the dungeon, and saw 5 of its levels.

You collected 237 gold pieces.

Inventory:

Hand Weapons
 h - a +0 dagger (weapon)
Armour
 a - a +0 robe (worn)
 d - a +0 cloak (worn)
 e - a +0 pair of gloves (worn)
 u - a +0 helmet (worn)
Jewellery
 k - a ring of positive energy (left hand)
 q - an amulet of regeneration (around neck)
Scrolls
 f - a scroll of teleportation
 l - 2 scrolls of magic mapping
 n - 4 scrolls of remove curse
 t - a scroll of enchant armour
Potions
 i - 2 potions of degeneration {unknown}
 m - a potion of brilliance {unknown}
 o - a potion of might
 s - a potion of mutation {unknown}
Books
 b - a book of Callings

   Spells                             Type                      Level
   a - Summon Small Mammal            Summoning                    1
   b - Call Imp                       Summoning                    2
   c - Call Canine Familiar           Summoning                    3
   d - Summon Guardian Golem          Hexes/Summoning              3
   e - Summon Lightning Spire         Summoning/Air                4
   f - Summon Ice Beast               Ice/Summoning                4
Comestibles
 c - 10 rations


   Skills:
 * Level 5.1 Fighting
 - Level 2.6 Dodging
 - Level 2.1 Stealth
 + Level 3.6 Spellcasting
 + Level 5.2 Summonings
 * Level 2.1 Air Magic


You had 3 spell levels left.
You knew the following spells:

 Your Spells              Type           Power        Failure   Level  Hunger
a - Summon Small Mammal   Summ           ###.         2%          1    None
b - Call Imp              Summ           ###.....     3%          2    ##.....
c - Call Canine Familiar  Summ           ###.....     7%          3    ###....
d - Summon Lightning Spi  Summ/Air       ##......     38%         4    ####...


Dungeon Overview and Level Annotations

Branches:
Dungeon (5/15)
 Temple: D:4-7

Altars:
Ashenzari
Dithmenos
Makhleb
Zin


Message History

Casting: Call Imp
Confirm with . or Enter, or press ? or * to list all spells.
You don't have enough magic to cast that spell.
Unknown command.
You closely miss the worker ant. The worker ant closely misses you.
The worker ant bites you.
* * * LOW HITPOINT WARNING * * *
You are poisoned.
The worker ant poisons you!
Unknown command.
You aren't carrying any items that you can evoke.
As you read the scroll of teleportation, it crumbles to dust.
You feel strangely unstable.
You feel sick. The worker ant bites you.
* * * LOW HITPOINT WARNING * * *
Unknown command.
* * * LOW HITPOINT WARNING * * *
You feel sick.
Your crimson imp hits the worker ant but does no damage.
Unknown command.
You die...

.....#
....... ...
......# ..
......# .#
....... ##.##
...?...
##...##
#####.. #
##.....## ..
#.#.......#.#
#..@.a_.....#
#.#.......##
# ##..5..##
##...## ##.##
!# .# ##


You could see a worker ant and a friendly crimson imp.

Vanquished Creatures
  A scorpion (D:4)
  A bullfrog skeleton (D:4)
  A worker ant (D:4)
  6 adders
  An adder skeleton (D:2)
  3 worms
  4 dart slugs
  3 leopard geckos
  5 ball pythons (D:3)
  A giant cockroach (D:4)
  A goblin (D:1)
  3 hobgoblins
  4 jackals
  A kobold (D:1)
  A quokka (D:2)
  A ball python skeleton (D:4)
  2 bats (D:2)
  3 frilled lizards
  A leopard gecko skeleton (D:4)
  3 rats
46 creatures vanquished.

Vanquished Creatures (collateral kills)
  An ice beast (D:5)
  A phantom (D:5)
  A centaur (D:5)
  The ghost of Tiareth the Charmwright, an amateur DESk (D:4)
  A howler monkey (D:4)
  A quasit (D:5)
  A hound (D:4)
  2 orc priests
  6 adders
  An ooze (D:1)
  3 worms
  A dart slug (D:1)
  2 leopard geckos (D:1)
  2 orcs (D:3)
  A ball python (D:3)
  2 giant cockroaches (D:1)
  5 hobgoblins (D:1)
  6 jackals
  4 kobolds
  4 bats (D:1)
  4 goblins
  A jackal skeleton (D:5)
  3 rats
54 creatures vanquished.

Grand Total: 100 creatures vanquished

Notes
Turn   | Place    | Note
-------+----------+-------------------------------------------
     0 | D:1      | vatarom the Merfolk Summoner began the quest for the Orb.
     0 | D:1      | Reached XP level 1. HP: 13/13 MP: 3/3
   247 | D:1      | Reached skill level 1 in Fighting
   247 | D:1      | Reached XP level 2. HP: 17/21 MP: 1/5
   303 | D:1      | Learned a level 2 spell: Call Imp
   764 | D:1      | Reached XP level 3. HP: 19/27 MP: 0/6
  1574 | D:2      | You fall through a shaft for 2 floors!
  1713 | D:2      | Reached XP level 4. HP: 25/34 MP: 7/7
  1842 | D:2      | Noticed an Executioner
  1843 | D:2      | Found a burning altar of Makhleb.
  1846 | D:2      | Found a glowing silver altar of Zin.
  1846 | D:2      | Noticed an angel
  2341 | D:2      | Learned a level 3 spell: Call Canine Familiar
  2654 | D:3      | Reached XP level 5. HP: 37/41 MP: 6/9
  3466 | D:3      | Learned a level 4 spell: Summon Lightning Spire
  3667 | D:4      | Noticed Tiareth's ghost (amateur DESk)
  3685 | D:4      | Killed Tiareth's ghost
  3685 | D:4      | Reached XP level 6. HP: 48/48 MP: 1/10
  3804 | D:4      | Reached skill level 1 in Air Magic
  4143 | D:4      | Found a shattered altar of Ashenzari.
  4152 | D:4      | Became a worshipper of Ashenzari the Shackled
  4331 | D:4      | Reached skill level 5 in Summonings
  4593 | D:5      | Entered Level 5 of the Dungeon
  4606 | D:5      | Noticed an ice beast
  4963 | D:5      | Noticed a phantom
  4993 | D:5      | Killed a phantom
  5074 | D:5      | Noticed an ice beast
  5099 | D:5      | Killed an ice beast
  5099 | D:5      | Reached XP level 7. HP: 26/55 MP: 6/12
  5228 | D:5      | Reached skill level 5 in Fighting
  5232 | D:5      | Found a shadowy altar of Dithmenos.
  5235 | D:5      | HP: 1/56 [worker ant (5)]
  5237 | D:5      | Succumbed to a worker ant's poison

Skill      XL: |  1  2  3  4  5  6  7 |
---------------+----------------------+-----
Fighting       | 1 2 3 4 5 |  5.1
Spellcasting   | 3 |  3.6
Air Magic      | 1 2 |  2.1
Summonings     | 5 |  5.2
Dodging        | |  2.6
Stealth        | |  2.1

Action                   |  1- 3 |  4- 6 |  7- 9 || total
-------------------------+-------+-------+-------++-------
Melee: Unarmed           |    25 |       |       ||    25
       Dagger            |   127 |   291 |     9 ||   427
Throw: Javelin           |       |     3 |       ||     3
 Cast: Summon Small Mamm |     8 |     1 |       ||     9
       Call Imp          |    25 |    35 |     3 ||    63
       Call Canine Famil |       |    21 |     2 ||    23
  Use: Potion            |     1 |     6 |     2 ||     9
       Scroll            |     2 |     5 |     3 ||    10
 Stab: Sleeping          |     4 |     7 |       ||    11
       Distracted        |     1 |     5 |       ||     6
  Eat: Chunk             |     4 |     8 |       ||    12
       Ration            |     1 |     1 |     2 ||     4
Armor: Robe              |    47 |    98 |     1 ||   146
       Skin              |       |    17 |       ||    17
Dodge: Dodged            |   126 |   238 |    14 ||   378
